 Dungeon Crawl Stone Soup version 0.31-a0-7-g51783674b7 (webtiles) character file.

Game seed: 9265432409218625315

264804 jasper the Warrior (level 20, 0/176 HPs)
             Began as a Human Gladiator on May 5, 2023.
             Was an Initiate of Gozag.
             Killed from afar by a deep elf zephyrmancer (47 damage)
             ... with a bolt of lightning
             ... on level 2 of the Elven Halls.
             The game lasted 01:26:59 (44690 turns).

jasper the Warrior (Human Gladiator)               Turns: 44690, Time: 01:27:00

Health: 0/176      AC: 45    Str: 25    XL:     20   Next: 88%
Magic:  6/6        EV: 16    Int: 10    God:    Gozag
Gold:   11847      SH:  5    Dex: 27    Spells: 19/19 levels left

rFire   + . .        V - +9 lajatang (antimagic)
rCold   + . .        (shield currently unavailable)
rNeg    + + .        S - +11 crystal plate armour
rPois   +            c - +1 helmet
rElec   .            f - +1 cloak "Moewk" {Will+ Int+5 Dex+2 Slay+2}
rCorr   .            N - +0 pair of gloves of Ycynutul {+Blink rF+ Slay+3}
SInv    .            o - +2 pair of boots
Will    ++...        T - amulet of reflection Stlth
                     h - +4 ring of slaying
HPRegen 0.49/turn    j - ring of Fihafaj {rPois rN++ Str+2 Int-2 Dex+6}
MPRegen 0.10/turn

%: reflection
@: gold aura
A: agile 1, cold resistance 1
}: 2/15 runes: decaying, gossamer
a: Renounce Religion, Evoke Blink, Potion Petition, Call Merchant, Bribe Branch


You were on level 2 of the Elven Halls.
You worshipped Gozag.
Gozag was extremely pleased with you.
You visited 6 branches of the dungeon, and saw 32 of its levels.
You visited the Abyss 1 time.
You also visited: Sewer, Bailey and Gauntlet.

You collected 14690 gold pieces.
You spent 2795 gold pieces at shops.
You paid 48 gold pieces to Gozag.

Inventory:

Hand Weapons
 U - a +4 spectral quarterstaff
 V - a +9 antimagic lajatang (weapon)
Missiles
 d - 6 throwing nets (quivered)
 m - 8 curare-tipped darts
 p - 53 poisoned darts
 G - 6 javelins
Armour
 c - a +1 helmet (worn)
 f - the +1 cloak "Moewk" (worn) {Will+ Int+5 Dex+2 Slay+2}
   (You bought it in a shop on level 2 of the Orcish Mines)

   Int:       It affects your intelligence (+5).
   Dex:       It affects your dexterity (+2).
   Slay:      It affects your accuracy & damage with ranged weapons and melee
   (+2).
   Will:      It increases your willpower.
 o - a +2 pair of boots (worn)
 N - the +0 pair of gloves of Ycynutul (worn) {+Blink rF+ Slay+3}
   (You acquired it on level 7 of the Dungeon)

   Slay:      It affects your accuracy & damage with ranged weapons and melee
   (+3).
   rF:        It protects you from fire.
   +Blink:    It lets you blink.
 S - a +11 crystal plate armour (worn)
Jewellery
 g - a ring of positive energy
 h - a +4 ring of slaying (left hand)
 j - the ring of Fihafaj (right hand) {rPois rN++ Str+2 Int-2 Dex+6}
   (You found it in a Gauntlet)

   [ring of dexterity]

   Str:       It affects your strength (+2).
   Int:       It affects your intelligence (-2).
   Dex:       It affects your dexterity (+6).
   rPois:     It protects you from poison.
   rN:        It greatly protects you from negative energy.
 s - a ring of see invisible
 t - a ring of protection from cold
 u - a ring of resist corrosion
 T - an amulet of reflection (around neck)
Wands
 a - a wand of polymorph (13)
 i - a wand of iceblast (6)
 r - a wand of mindburst (22)
 w - a wand of flame (30)
 y - a wand of acid (8)
 L - a wand of charming (30)
Scrolls
 k - 3 scrolls of butterflies
 q - 4 scrolls of brand weapon
 x - 8 scrolls of magic mapping
 z - 3 scrolls of enchant weapon
 D - 6 scrolls of teleportation
 E - a scroll of immolation
 H - 4 scrolls of blinking
 O - 6 scrolls of fog
 P - 2 scrolls of fear
 R - 6 scrolls of vulnerability
Potions
 e - 4 potions of invisibility
 l - 5 potions of might
 n - 5 potions of ambrosia
 v - 2 potions of brilliance
 A - 2 potions of cancellation
 B - a potion of lignification
 F - a potion of magic
 I - 4 potions of berserk rage
 J - 5 potions of mutation
 K - 3 potions of flight
 Q - 5 potions of haste
 W - 4 potions of curing
 X - 4 potions of heal wounds
 Z - a potion of resistance
Miscellaneous
 b - a phantom mirror
 C - a lightning rod (inert)
 M - a tin of tremorstones (inert)
 Y - a phial of floods


   Skills:
 * Level 19.9 Fighting
 - Level 14.0 Staves
 - Level 2.0 Throwing
 + Level 15.4 Armour
 + Level 15.6 Dodging
 + Level 17.6 Evocations


You had 19 spell levels left.
You didn't know any spells.
Your spell library contained the following spells:

 Spells                   Type           Power      Damage    Failure   Level
 Freeze                   Ice            0%         1d3       100%        1
 Slow                     Hex            0%         N/A       100%        1
 Blink                    Tloc           0%         N/A       100%        2
 Lesser Beckoning         Tloc           0%         N/A       100%        2
 Momentum Strike          Conj/Tloc      0%         3d8       100%        2
 Sublimation of Blood     Necr           0%         N/A       100%        2
 Wereblood                Tmut           0%         N/A       100%        2
 Confusing Touch          Hex            0%         N/A       100%        3
 Dazzling Flash           Conj/Hex       0%         N/A       100%        3
 Frozen Ramparts          Ice            0%         1d1       100%        3
 Gell's Gravitas          Tloc           0%         N/A       100%        3
 Hailstorm                Conj/Ice       0%         3d3       100%        3
 Ozocubu's Armour         Ice            0%         N/A       100%        3
 Teleport Other           Tloc           0%         N/A       100%        3
 Vampiric Draining        Necr           0%         2d6       100%        3
 Vhi's Electric Charge    Tloc/Air       0%         N/A       100%        3
 Anguish                  Hex/Necr       0%         N/A       100%        4
 Cause Fear               Hex            0%         N/A       100%        4
 Leda's Liquefaction      Hex/Erth       0%         N/A       100%        4
 Manifold Assault         Tloc           0%         N/A       100%        4
 Petrify                  Tmut/Erth      0%         N/A       100%        4
 Summon Ice Beast         Ice/Summ       0%         N/A       100%        4
 Agony                    Necr           0%         N/A       100%        5
 Alistair's Intoxication  Tmut/Pois      0%         N/A       100%        5
 Arcjolt                  Conj/Air       0%         1d10      100%        5
 Irradiate                Conj/Tmut      0%         3d11      100%        5
 Lee's Rapid Deconstruct  Erth           0%         3d4*      100%        5
 Silence                  Hex/Air        0%         N/A       100%        5
 Summon Mana Viper        Hex/Summ       0%         N/A       100%        5
 Dispersal                Tloc           0%         N/A       100%        6
 Plasma Beam              Fire/Air       0%         2x1d11    100%        6
 Statue Form              Tmut/Erth      0%         N/A       100%        6
 Dragon Form              Tmut           0%         N/A       100%        7
 Enfeeble                 Hex            0%         N/A       100%        7
 Monstrous Menagerie      Summ           0%         N/A       100%        7
 Ozocubu's Refrigeration  Ice            0%         4d7       100%        7
 Storm Form               Tmut/Air       0%         N/A       100%        7
 Disjunction              Tloc           0%         N/A       100%        8
 Necromutation            Tmut/Necr      0%         N/A       100%        8
 Chain Lightning          Conj/Air       0%         N/A       100%        9
 Death's Door             Necr           0%         N/A       100%        9
 Fire Storm               Conj/Fire      0%         5d1       100%        9
 Shatter                  Erth           0%         3d5*      100%        9
 Animate Dead             Necr           Unusable   N/A       N/A         4
 Simulacrum               Ice/Necr       Unusable   N/A       N/A         6

Dungeon Overview and Level Annotations

Branches:
Dungeon (15/15)            Temple (0/1) D:6            Lair (5/5) D:8
  Swamp (4/4) Lair:2       Spider (4/4) Lair:2        Slime (0/5) Lair:5
    Orc (2/2) D:10            Elf (2/3) Orc:2        Vaults (0/5) D:13
 Depths (0/4) D:15          Sewer (visited)          Bailey (visited)
Gauntlet (visited)

Altars:
Ashenzari
Elyvilon
Gozag
Okawaru
Trog
Uskayaw
Wu Jian
Xom
Yredelemnul
Zin
The Shining One

Shops:
D:3 *   D:7 [(?(   D:8 =   Orc:2 [(![

Portals:
Trove: D:11 (show slimy rune of Zot)

Annotations:
D:15 2 runed translucent doors, Bekih's ghost, journeyman TeAE
Lair:4 1 runed translucent door, Bacu's ghost, journeyman DjCj
Elf:2 3 runed translucent doors


Innate Abilities, Weirdness & Mutations

You are agile. (Dex +4, Str/Int -1)
Your flesh is cold resistant. (rC+)


Message History

You slice the earth elemental!!
The earth elemental is no longer distracted by gold.
The earth elemental is heavily damaged.
The +2 heavy dire flail closely misses you.
Something hits you!
You take 9 damage, and have 74/176 hp.
You chop the earth elemental into pieces!!!
You destroy the earth elemental!
A deep elf knight appears from thin air!
Reactivating autopickup.
The deep elf zephyrmancer is no longer distracted by gold.
The deep elf zephyrmancer gestures at you while chanting.
The bolt of lightning hits the earth elemental.
The earth elemental completely resists.
The bolt of lightning hits you!
The +2 heavy dire flail closely misses you.
The deep elf knight hits you but does no damage.
The earth elemental hits you but does no damage.
You take 8 damage, and have 66/176 hp.
You slice the deep elf knight!!
You kill the deep elf knight!
The deep elf zephyrmancer casts a spell at you.
The bolt of lightning hits the earth elemental.
The earth elemental completely resists.
The bolt of lightning hits you!
The +2 heavy dire flail hits you but does no damage.
You take 12 damage, and have 54/176 hp.
You closely miss the +2 heavy dire flail.
You miss the +2 heavy dire flail.
The +2 heavy dire flail closely misses you.
You block the earth elemental's attack.
You miss the +2 heavy dire flail. The +2 heavy dire flail misses you.
You closely miss the deep elf zephyrmancer.
The deep elf zephyrmancer is lightly wounded.
The +2 heavy dire flail hits you!
* * * LOW HITPOINT WARNING * * *
The earth elemental closely misses you.
The earth elemental hits you but does no damage.
The deep elf zephyrmancer gestures at you while chanting.
The bolt of lightning hits you!!!
You die...
Your body crumbles into a pile of gold.

#.......$###..#
#......$$'....#
#........#.....#
#........#.........
#....$..##..##.####
##..$..###..# .#
##.$$####''# '#
##...$(...... ..
#....@e......
#....EE......
#...>........
#............
#............
#............
##...........
##..........


You could see 2 earth elementals, a deep elf zephyrmancer and a +2 heavy dire
flail.

Vanquished Creatures
  Bai Suzhen (Swamp:3)
  Arachne (Spider:3)
  Jorgrun (D:14)
  Frances (D:14)
  4 tentacled starspawn (Abyss:2)
  Gastronok (D:10)
  A thorn hunter (Swamp:4)
  A frost giant (D:14)
  4 emperor scorpions
  Aizul (Swamp:3)
  4 ghost moths
  3 ghouls (Swamp:3)
  A reaper (Gauntlet)
  A stone giant (D:13)
  A juggernaut skeleton (Abyss:2)
  A deep elf demonologist (Elf:2)
  5 eleionomae
  2 bunyips
  A deep elf annihilator (Elf:1)
  A minotaur (Gauntlet)
  A deep elf death mage (Elf:1)
  2 fire dragons
  A crystal guardian (Abyss:2)
  Josephine (Lair:2)
  3 entropy weavers
  A deep elf high priest (Elf:1)
  A shambling mangrove (Swamp:4)
  A quicksilver dragon skeleton (Abyss:2)
  A spriggan air mage (Swamp:3)
  A death knight (D:12)
  26 hydras
  8 centaur warriors
  4 vault guards (D:13)
  2 jorogumos
  9 boulder beetles
  19 dancing weapons
  8 two-headed ogres
  Erica (Orc:1)
  A tengu warrior (Gauntlet)
  4 alligators
  6 deep elf knights
  2 spriggan berserkers (Swamp:4)
  Nergalle (D:10)
  2 orc high priests
  2 large abominations (Abyss:2)
  3 sun moths
  A fire crab (Lair:5)
  3 skysharks
  A wretched star (Abyss:2)
  A death drake (Swamp:4)
  6 pharaoh ants
  7 orb spiders
  A goliath frog (Swamp:3)
  9 swamp dragons
  13 bog bodies
  3 deep elf archers
  2 spriggan druids
  8 steelbarb worms
  2 wizards (D:15)
  18 wolf spiders
  18 deep elf pyromancers
  13 deep elf zephyrmancers
  4 orc knights
  A necromancer (D:15)
  7 ugly things
  11 cyclopes
  An orc sorcerer (D:15)
  5 manticores
  An oklob plant (Orc:2)
  2 worldbinders (Abyss:2)
  6 will-o-the-wisps
  3 moths of wrath
  15 elephants (Lair:5)
  A centaur zombie (D:15)
  Maurice (D:11)
  A naga mage (D:15)
  A naga zombie (Abyss:2)
  5 demonic crawlers
  7 torpor snails
  3 molten gargoyles (Lair:5)
  10 cane toads
  2 centaur skeletons (D:15)
  5 black mambas
  2 unseen horrors
  5 gargoyles
  7 kobold demonologists
  A smoke demon (Abyss:2)
  3 rime drakes
  10 komodo dragons
  An efreet (Abyss:2)
  5 freezing wraiths
  An ice devil (Abyss:2)
  A tengu conjurer (Gauntlet)
  An ancient zyme (Abyss:2)
  A hellwing (Gauntlet)
  A queen bee (Gauntlet)
  9 tyrant leeches
  2 hydra zombies (Swamp:3)
  8 trolls
  10 meliai
  5 polar bears (Lair:4)
  7 hornets
  A raiju (shapeshifter) (D:15)
  4 raiju (Abyss:2)
  16 tarantellas
  9 blink frogs
  6 dream sheep (Lair:5)
  18 jumping spiders
  4 slime creatures
  A centaur simulacrum (D:14)
  12 culicivoras
  5 spriggans
  4 shadows
  An air elemental (Elf:1)
  8 wyverns
  4 vampires
  51 yaks
  A spriggan (shapeshifter) (D:15)
  2 ynoxinuls (Abyss:2)
  A wyvern (shapeshifter) (D:12)
  7 basilisks
  5 fire elementals
  A human (shapeshifter) (Elf:2)
  41 redbacks
  2 fire bats (Abyss:2)
  12 wraiths
  A chaos spawn (Abyss:2)
  A human (D:3)
  Grum (D:9)
  2 steam dragons (Lair:5)
  19 vampire mosquitoes
  Menkaure (D:4)
  21 swamp worms
  A warg (Orc:2)
  5 hell hounds (Lair:5)
  An acid dragon (D:12)
  12 water moccasins
  4 black bears
  An ice beast (shapeshifter) (D:15)
  42 orc warriors
  11 swamp drakes
  A meliai simulacrum (D:14)
  2 ice beasts
  A sky beast (D:8)
  14 ogres
  An ogre (shapeshifter) (D:10)
  7 wolves
  23 centaurs
  7 kobold brigands
  A phantom (D:5)
  3 earth elementals
  10 bullfrogs
  Blork the orc (D:6)
  3 scorpions
  A necrophage (Swamp:3)
  A gnoll sergeant (D:13)
  5 wights (D:7)
  3 small abominations (Abyss:2)
  13 killer bees
  8 electric eels
  2 howler monkeys
  5 lava snakes (Lair:5)
  13 orc priests
  13 jellies
  3 hounds
  A gnoll bouda (D:10)
  5 iguanas (D:5)
  29 orc wizards
  Natasha (thrice) (D:4)
  A mummy (D:4)
  14 gnolls
  14 adders
  3 river rats
  3 shadow imps
  5 white imps
  6 ufetubi
  3 worms
  5 dart slugs
  66 orcs
  11 ball pythons
  9 bats
  9 endoplasms
  7 giant cockroaches
  6 goblins
  14 hobgoblins
  10 jackals
  30 kobolds
  5 quokkas
  3 frilled lizards
  2 hobgoblin zombies (D:4)
  A jackal skeleton (D:3)
  A kobold zombie (D:4)
  An orc zombie (D:4)
  12 rats
  3 starspawn tentacles (Abyss:2)
1187 creatures vanquished.

Vanquished Creatures (collateral kills)
  A boulder beetle (Lair:3)
1 creature vanquished.

Vanquished Creatures (others)
  A deep elf knight (Elf:1)
  A deep elf zephyrmancer (Elf:2)
  3 bloated husks
  A spriggan (Swamp:3)
  An orc warrior (Orc:2)
  2 centaurs (Orc:2)
  An orc (Orc:2)
  32 foxfires
  27 fungi
  A lurking horror (Abyss:2)
  59 plants
  3 spectral weapons
  12 starspawn tentacles (Abyss:2)
144 creatures vanquished.

Grand Total: 1332 creatures vanquished

Notes
Turn   | Place    | Note
-------+----------+-------------------------------------------
     0 | D:1      | jasper the Human Gladiator began the quest for the Orb.
     0 | D:1      | Reached XP level 1. HP: 16/16 MP: 1/1
     6 | D:1      | Found a faded altar of an unknown god.
   263 | D:1      | Reached XP level 2. HP: 22/22 MP: 2/2
   645 | D:1      | Reached XP level 3. HP: 27/27 MP: 3/3
  1126 | D:2      | Reached XP level 4. HP: 29/33 MP: 4/4
  1394 | D:2      | Learned a level 2 spell: Blink
  1444 | D:3      | Reached skill level 5 in Staves
  1456 | D:3      | Found an opulent altar of Gozag.
  1463 | D:3      | Became a worshipper of Gozag Ym Sagoz the Greedy
  1500 | D:3      | Found Wableedi's General Store.
  1509 | D:3      | Bought a potion of curing for 42 gold pieces
  1509 | D:3      | Bought a potion of curing for 42 gold pieces
  1654 | D:3      | Reached XP level 5. HP: 37/38 MP: 5/5
  1715 | D:3      | Bought a potion of heal wounds for 70 gold pieces
  1762 | D:3      | Found a glowing silver altar of Zin.
  1818 | D:3      | Found a white marble altar of Elyvilon.
  1845 | D:3      | Found a runed translucent door.
  1845 | D:3      | Noticed a human
  1853 | D:3      | Found a basalt altar of Yredelemnul.
  1873 | D:3      | Killed a human
  1874 | D:3      | Reached XP level 6. HP: 44/44 MP: 6/6
  2661 | D:4      | Noticed Menkaure
  2669 | D:4      | Killed Menkaure
  2670 | D:4      | Reached XP level 7. HP: 48/50 MP: 7/7
  2917 | D:4      | Noticed Natasha
  2925 | D:4      | Killed Natasha
  2929 | D:4      | Found a glowing drain.
  2952 | Sewer    | Entered a sewer
  3237 | Sewer    | Reached XP level 8. HP: 31/56 MP: 5/8
  4177 | D:4      | Noticed Natasha
  4183 | D:4      | Killed Natasha
  4212 | D:4      | Reached skill level 10 in Staves
  4295 | D:4      | Noticed Natasha
  4304 | D:4      | Killed Natasha
  4612 | D:5      | Entered Level 5 of the Dungeon
  4762 | D:5      | Reached XP level 9. HP: 38/61 MP: 5/9
  5501 | D:5      | Identified the +1 ring mail of Saodaa {Str-2 Dex+9}
  5834 | D:6      | Found the +8 trident of the Octopus King {venom, rElec
                  | rPois}
  6069 | D:6      | Found a broken altar of Ashenzari.
  6182 | D:6      | Noticed Blork the orc
  6193 | D:6      | Killed Blork the orc
  6487 | D:6      | Found a staircase to the Ecumenical Temple.
  6647 | D:7      | Found a hide-covered altar of Uskayaw.
  6659 | D:7      | Reached XP level 10. HP: 61/67 MP: 10/10
  6678 | D:7      | Found Eboukkei's Magic Scroll Boutique.
  6784 | D:7      | Bought a scroll of acquirement for 572 gold pieces
  6784 | D:7      | Bought a scroll of fog for 44 gold pieces
  6784 | D:7      | Bought a scroll of fear for 44 gold pieces
  6784 | D:7      | Bought a scroll of fog for 44 gold pieces
  6784 | D:7      | Acquired the +0 pair of gloves of Ycynutul {+Blink rF+
                  | Slay+3}
  6832 | D:7      | Found Qacwix's Weapon Shoppe.
  7013 | D:7      | Found Ifiocug's Weapon Shoppe.
  7054 | D:7      | Found Nilaej's Armour Boutique.
  7251 | D:8      | Found an ornate altar of the Wu Jian Council.
  7300 | D:8      | Paralysed by a hornet for 1 turns
  7315 | D:8      | Reached skill level 1 in Armour
  7315 | D:8      | Reached skill level 1 in Evocations
  7401 | D:8      | Found a basalt altar of Yredelemnul.
  7500 | D:8      | Found a staircase to the Lair.
  7610 | D:8      | Found a flagged portal.
  7618 | Bailey   | Entered a bailey
  7830 | Bailey   | Reached skill level 3 in Fighting
  7868 | Bailey   | Noticed an orc knight
  7884 | Bailey   | Killed an orc knight
  8084 | Bailey   | Identified the orb of the Evil One {mayhem, Fly rPois}
  8084 | Bailey   | Noticed an orc high priest
  8289 | Bailey   | Noticed a kobold demonologist
  8295 | Bailey   | Noticed a rust devil
  8295 | Bailey   | Killed a kobold demonologist
  8300 | Bailey   | Killed an orc high priest
  8301 | Bailey   | Reached skill level 4 in Fighting
  8301 | Bailey   | Reached XP level 11. HP: 65/77 MP: 11/11
  8306 | Bailey   | Found an iron altar of Okawaru.
  8316 | Bailey   | Reached skill level 5 in Dodging
  8624 | Bailey   | Acquired a +6 antimagic lajatang
  8796 | D:8      | Found Poichyor's One-of-a-Kind Rings.
  8877 | D:8      | Noticed a red ugly thing
  8886 | D:8      | Killed a red ugly thing
  9088 | D:8      | Reached skill level 6 in Fighting
  9088 | D:8      | Reached XP level 12. HP: 89/89 MP: 4/12
  9134 | D:9      | Noticed Grum
  9156 | D:9      | Killed Grum
  9226 | D:9      | Reached skill level 7 in Fighting
 10360 | D:10     | Entered Level 10 of the Dungeon
 10361 | D:10     | Noticed Nergalle
 10365 | D:10     | Found a staircase to the Orcish Mines.
 10547 | D:10     | Killed Nergalle
 11187 | D:10     | Found an ornate altar of the Wu Jian Council.
 11268 | D:10     | Noticed Gastronok
 11352 | D:11     | Got Resoapso's Reference Book on Transmutation
 11477 | D:11     | Noticed a two-headed ogre
 11483 | D:11     | Killed a two-headed ogre
 11484 | D:11     | Reached skill level 8 in Fighting
 11484 | D:11     | Reached XP level 13. HP: 88/98 MP: 4/13
 11531 | D:11     | Noticed Maurice
 11561 | D:11     | Killed Maurice
 11635 | D:11     | Found a portal to a secret trove of treasure.
 12435 | D:11     | Found a glowing golden altar of the Shining One.
 12553 | Lair:1   | Entered Level 1 of the Lair of Beasts
 13438 | Lair:2   | Found a hole to the Spider Nest.
 13565 | Lair:2   | Noticed a four-headed hydra
 13570 | Lair:2   | Killed a four-headed hydra
 13667 | Lair:2   | Reached skill level 9 in Fighting
 14021 | Lair:2   | Noticed a five-headed hydra
 14022 | Lair:2   | Noticed a seven-headed hydra
 14092 | Lair:2   | Killed a seven-headed hydra
 14151 | Lair:2   | Killed a five-headed hydra
 14247 | Lair:2   | Found a staircase to the Swamp.
 14939 | Lair:3   | Noticed an eight-headed hydra
 14945 | Lair:3   | Reached XP level 14. HP: 23/109 MP: 4/14
 14948 | Lair:3   | Reached skill level 10 in Dodging
 15970 | Lair:4   | Reached skill level 10 in Fighting
 16036 | Lair:4   | You fall into a shaft and drop 1 floor!
 16036 | Lair:5   | Entered Level 5 of the Lair of Beasts
 16036 | Lair:5   | Found a staircase to the Slime Pits.
 16175 | Lair:5   | Reached skill level 10 in Armour
 16386 | Lair:5   | Reached skill level 10 in Evocations
 16390 | Lair:5   | HP: 4/111 [elephant (8)]
 16398 | Lair:5   | HP: 8/166 [elephant (5)]
 17401 | Lair:4   | Found a runed translucent door.
 17401 | Lair:4   | Found a shimmering altar of Xom.
 17401 | Lair:4   | Noticed Bacu's ghost (journeyman DjCj)
 17406 | Lair:4   | Identified the +8 war axe "Zucaush" {flame, rPois}
 17600 | Orc:1    | Entered Level 1 of the Orcish Mines
 17689 | Orc:1    | Noticed Erica
 17708 | Orc:1    | Killed Erica
 18091 | Orc:2    | Entered Level 2 of the Orcish Mines
 18091 | Orc:2    | Found a gate leading to a gauntlet.
 18211 | Gauntlet | Entered a Gauntlet
 18211 | Gauntlet | Found a transporter.
 18211 | Gauntlet | Found a transporter.
 18418 | Gauntlet | Found a transporter.
 18420 | Gauntlet | Found a transporter.
 18430 | Gauntlet | Found a transporter.
 18438 | Gauntlet | Found a transporter.
 18438 | Gauntlet | Found a transporter.
 18438 | Gauntlet | Noticed a reaper
 18462 | Gauntlet | Found a transporter.
 18469 | Gauntlet | Found a transporter.
 18497 | Gauntlet | Found a transporter.
 18519 | Gauntlet | Found a transporter.
 18565 | Gauntlet | Found a transporter.
 18579 | Gauntlet | Found a transporter.
 18592 | Gauntlet | Found a transporter.
 18679 | Gauntlet | Found a transporter.
 18701 | Gauntlet | Found a transporter.
 18914 | Abyss:2  | Cast into level 2 of the Abyss (tengu warrior)
 18945 | Abyss:2  | Found a corrupted altar of Lugonu.
 18984 | Abyss:2  | Noticed a tentacled starspawn
 18995 | Abyss:2  | Killed a tentacled starspawn
 18996 | Abyss:2  | Reached skill level 11 in Fighting
 19334 | Abyss:2  | Noticed a tentacled starspawn
 19343 | Abyss:2  | Killed a tentacled starspawn
 19344 | Abyss:2  | Reached XP level 15. HP: 46/119 MP: 5/15
 19368 | Abyss:2  | Noticed a tentacled starspawn
 19407 | Abyss:2  | Killed a tentacled starspawn
 19417 | Abyss:2  | Noticed a tentacled starspawn
 19427 | Abyss:2  | Killed a tentacled starspawn
 19486 | Abyss:2  | Noticed a bone dragon
 19524 | Abyss:2  | Gained mutation: Your flesh is cold resistant. (rC+)
                  | [potion of mutation]
 19524 | Abyss:2  | Gained mutation: You are agile. (Dex +4, Str/Int -1)
                  | [potion of mutation]
 19537 | Gauntlet | Escaped the Abyss
 19541 | Gauntlet | HP: 2/120 [tengu conjurer/bolt of lightning (17)]
 19868 | Gauntlet | Killed a reaper
 19869 | Gauntlet | Reached skill level 12 in Fighting
 19894 | Gauntlet | Identified the ring of Fihafaj {rPois rN++ Str+2 Int-2
                  | Dex+6}
 19905 | Gauntlet | Reached skill level 13 in Fighting
 19905 | Gauntlet | Reached XP level 16. HP: 114/131 MP: 5/16
 19974 | Gauntlet | Identified the +7 trident "Byuhopp" {flame, Contam rElec
                  | Int+3 Stlth+}
 19974 | Gauntlet | Identified the ring of Cowardice {MP+9 Str+6 Dex+5}
 20213 | Orc:2    | Found a staircase to the Elven Halls.
 20829 | Orc:2    | Found Wehe's Distillery.
 20829 | Orc:2    | Found Wasaes's Weapon Emporium.
 20831 | Orc:2    | Found Cuwo's Armour Shoppe.
 20833 | Orc:2    | Found Usseodit's Armour Boutique.
 20839 | Orc:2    | Bought the +1 cloak "Moewk" {Will+ Int+5 Dex+2 Slay+2} for
                  | 587 gold pieces
 20851 | Orc:2    | Bought a potion of curing for 36 gold pieces
 20851 | Orc:2    | Bought a potion of curing for 36 gold pieces
 20851 | Orc:2    | Bought 2 potions of heal wounds for 120 gold pieces
 20851 | Orc:2    | Bought a potion of curing for 36 gold pieces
 21645 | Lair:5   | Reached skill level 14 in Fighting
 22509 | Lair:5   | Found a large runed translucent door.
 22631 | Lair:5   | Found a large runed translucent door.
 23827 | D:10     | Killed Gastronok
 23969 | D:10     | Found a bloodstained altar of Trog.
 23969 | D:10     | Found an iron altar of Okawaru.
 24276 | D:12     | Reached XP level 17. HP: 140/140 MP: 5/17
 24843 | D:12     | Acquired 1379 gold pieces
 24891 | D:12     | Reached skill level 15 in Fighting
 25185 | D:12     | Acquired a manual of Evocations
 26197 | D:13     | Found a gate to the Vaults.
 26969 | D:14     | Got the Compilation of the Excursion and Changing
 27446 | D:14     | Reached skill level 16 in Fighting
 27568 | D:14     | Noticed Jorgrun
 27581 | D:14     | Killed Jorgrun
 27806 | D:14     | Identified the +0 robe "Feiwamo" {Will+}
 27887 | D:14     | Noticed Frances
 27902 | D:14     | Killed Frances
 28123 | D:15     | Entered Level 15 of the Dungeon
 28174 | D:15     | Found a runed translucent door.
 28175 | D:15     | Noticed a lich
 28176 | D:15     | Noticed a storm dragon
 28182 | D:15     | Noticed Bekih's ghost (journeyman TeAE)
 28296 | D:15     | Found a runed translucent door.
 28330 | D:15     | Reached XP level 18. HP: 151/151 MP: 6/18
 28682 | D:15     | Found a staircase to the Depths.
 29587 | Spider:1 | Entered Level 1 of the Spider Nest
 29587 | Spider:1 | Noticed Josephine
 29725 | Lair:2   | Killed Josephine
 31600 | Spider:1 | Reached skill level 17 in Fighting
 33877 | Spider:3 | Reached skill level 15 in Evocations
 33970 | Spider:3 | Noticed Arachne
 33986 | Spider:3 | Killed Arachne
 34094 | Spider:3 | Reached XP level 19. HP: 81/161 MP: 6/19
 34867 | Orc:2    | Bought a +0 crystal plate armour for 1040 gold pieces
 35007 | D:7      | Bought a scroll of enchant armour for 82 gold pieces
 35178 | Spider:4 | Entered Level 4 of the Spider Nest
 36493 | Spider:4 | Reached skill level 18 in Fighting
 37086 | Spider:4 | Got a gossamer rune of Zot
 37972 | Swamp:1  | Entered Level 1 of the Swamp
 39344 | Swamp:2  | Identified the +6 short sword "Emyguonk" {elec, rElec rF+
                  | rC+ Dex+2}
 39538 | Swamp:3  | HP: 5/165 [alligator (15)]
 40097 | Swamp:3  | Noticed Bai Suzhen
 40136 | Swamp:3  | Killed Bai Suzhen
 40762 | Swamp:3  | Reached XP level 20. HP: 158/172 MP: 6/20
 40899 | Swamp:3  | Noticed Aizul
 40909 | Swamp:3  | Killed Aizul
 40963 | Swamp:3  | Got the Codex of Reanimation Made Easy
 41037 | Swamp:4  | Entered Level 4 of the Swamp
 41068 | Swamp:4  | Reached skill level 19 in Fighting
 41236 | Swamp:4  | Reached skill level 15 in Dodging
 42406 | Swamp:4  | Got a decaying rune of Zot
 42816 | Elf:1    | Entered Level 1 of the Elven Halls
 42845 | Elf:1    | Reached skill level 15 in Armour
 42845 | Elf:1    | Paralysed by an air elemental for 1 turns
 42857 | Elf:1    | HP: 5/174 [deep elf zephyrmancer/bolt of lightning (24)]
 44231 | Elf:2    | Found a runed translucent gate.
 44256 | Elf:2    | Found a runed translucent gate.
 44257 | Elf:2    | Found a runed translucent gate.
 44690 | Elf:2    | Killed from afar by a deep elf zephyrmancer

Illustrated notes

Levels and vault maps discovered:
D:1:      dpeg_arrival_ratfight, layout_basic,
          chequers_ecumenical_altar_simple_redux
D:2:      layout_rooms
D:3:      layout_basic, pdpol_temple_overflow_zin_treasury_gozag_greed,
          mainiacjoe_overflow_tiny_flanked, dk_yredelemnul_ordeal, serial_shops,
          nicolae_shop_hallway_stairs
D:4:      layout_cave_pools, portal_sewer_entry_a, minmay_mini_ossuary,
          uniq_menkaure, uniq_natasha
D:5:      minmay_clustersquares, layout_rooms, minivault_24, grunt_ministairs_6,
          st_stairs_12, kennysheep_generic_room_5
D:6:      layout_loops_cross, amcnicky_altar_gilded, lemuel_temple_firewalk_a,
          serial_glass, glass_columns_c, glass_columns_c, glass_columns_a,
          glass_columns_b, glass_columns_c, glass_columns_b, uniq_blork_the_orc
D:7:      layout_rooms, mainiacjoe_overflow_brackets, serial_shops, shop,
          kennysheep_mini_moat, shop, nicolae_take_the_stairs
D:8:      minmay_flawed_box, layout_gridville, enter_bailey_2,
          nicolae_shop_unique_rings, hangedman_feature_mirror
D:9:      layout_irregular_city, worms_lemuel, uniq_grum
D:10:     layout_small_grid, grunt_temple_overflow_bloody_war,
          mainiacjoe_overflow_surrounded_room, orc_0_dummy,
          minmay_increasing_density, uniq_nergalle, uniq_gastronok
D:11:     layout_loops_ring, enter_trove_0, serial_park_tiny_2,
          tso_oasis_becter, uniq_maurice
D:12:     minmay_the_grid_4x2 [minmay_the_grid_holed_spiral,
          minmay_the_grid_outer_circle, minmay_the_grid_all_tris,
          minmay_the_grid_gridbox, minmay_the_grid_x, minmay_the_grid_eight,
          minmay_the_grid_pillar_ring, minmay_the_grid_prize_big_room],
          layout_cross
D:13:     cheibrodos_monumental, layout_basic,
          lightli_vaults_fourway_checkpoint, minmay_statues_item,
          chequers_serial_rivers_micro_c, minmay_puff
D:14:     minmay_coctagon, layout_small_grid, kennysheep_generic_room_10,
          uniq_frances, uniq_jorgrun
D:15:     grunt_enter_depths_magical_seal, layout_loops_ring,
          muffindrake_ghost_dual_entry
Lair:1:   layout_cave_shapes, serial_rivers, chequers_serial_rivers_micro_d,
          chequers_serial_rivers_room_a, chequers_serial_rivers_micro_a,
          chequers_serial_rivers_micro_d, chequers_serial_rivers_micro_e,
          chequers_serial_rivers_micro_a, wad_woods_06
Lair:2:   layout_long_grid, palyth_hydra_swamp_entry,
          hellmonk_spider_entry_not_the_bees, nzn_sisyphean_effort
Lair:3:   layout_cave_shapes, lemuel_fruit_tree
Lair:4:   layout_gridlike, ebering_ghost_xom, cheibrodos_lair_lostbears,
          serial_bayou_shore_a
Lair:5:   cheibrodos_lair_end_hotspot, layout_layer_cave,
          minmay_slime_entry_jelly_boxes, grunt_forest_small_clearing_treed
Swamp:1:  layout_falls_marsh, evilmike_swamp_ruin_house_3, swamp_pool4
Swamp:2:  layout_basic_swamp, hangedman_swamp_pad, swamp_pool5,
          nicolae_swamp_baby_hydras
Swamp:3:  layout_basic_swamp, evilmike_swamp_ruin_rubble_2, swamp_pool2,
          nicolae_swamp_necromancy_gone_wrong, uniq_aizul, uniq_bai_suzhen
Swamp:4:  swamp_basic_johnstein, layout_basic_swamp, swamp_pool3
Spider:1: nicolae_spider_mines_3, uniq_josephine
Spider:2: layout_spider_delve, nicolae_spider_eight_legs
Spider:3: layout_spider_delve, uniq_arachne
Spider:4: hellmonk_spider_rune_bug_friends
Orc:1:    layout_caves, nicolae_orc_stony_grotto, uniq_erica
Orc:2:    st_orc_rangers, layout_diamond_mine, basic_altar,
          gauntlet_entry_generic, mines3_lemuel
Elf:1:    eino_elf_arrival_sip, layout_rooms, minmay_elf_annihilation
Elf:2:    nicolae_elf_blades_crystal_corner, layout_gridlike, grunt_megastairs_5

Skill      XL: |  1  2  3  4  5  6  7  8  9 10 11 12 13 14 15 16 17 18 19 20 |
---------------+-------------------------------------------------------------+-----
Staves         | 4 5 6 7 8 10 13 14 | 14.0
Armour         | 3 6 7 9 10 11 12 13 14 15 | 15.4
Evocations     | 3 6 7 9 10 11 13 15 16 17 | 17.6
Fighting       | 4 6 8 9 11 13 14 16 17 18 19 | 19.9
Dodging        | 4 7 8 9 11 12 13 14 15 | 15.6
Throwing       | |  2.0

Action                     |  1- 3 |  4- 6 |  7- 9 | 10-12 | 13-15 | 16-18 | 19-21 || total
---------------------------+-------+-------+-------+-------+-------+-------+-------++-------
  Melee: Quarterstaff      |   131 |   162 |   467 |   172 |       |    16 |    63 ||  1011
         Lajatang          |       |       |       |   196 |   656 |  1077 |   736 ||  2665
  Throw: Stone             |     1 |     4 |     3 |       |    21 |     6 |       ||    35
         Throwing net      |       |     2 |       |     1 |       |       |       ||     3
Ability: Evoke Blink       |       |       |       |       |     8 |     1 |     3 ||    12
  Evoke: Wand              |       |       |     1 |    25 |    11 |     1 |     8 ||    46
         Lightning rod     |       |       |     6 |     5 |    13 |     8 |     8 ||    40
         Phantom mirror    |       |       |       |       |     1 |       |     1 ||     2
         Tin of tremorston |       |       |       |       |       |     4 |     6 ||    10
    Use: Scroll            |     2 |     4 |     8 |    10 |    11 |     8 |    14 ||    57
         Potion            |       |       |     4 |     2 |    18 |     1 |     2 ||    27
   Stab: Held in net/web   |       |     2 |       |     1 |       |       |       ||     3
         Distracted        |       |     1 |     1 |     2 |     6 |    12 |    12 ||    34
         Confused          |       |       |       |       |       |       |     2 ||     2
 Armour: Ring mail         |    25 |       |       |       |       |       |       ||    25
         Chain mail        |    46 |    73 |   265 |   102 |   288 |     1 |       ||   775
         Skin              |       |       |    16 |       |       |       |       ||    16
         Plate armour      |       |       |       |       |       |   609 |     4 ||   613
         Crystal plate arm |       |       |       |       |       |       |   788 ||   788
  Dodge: Dodged            |    75 |    73 |   178 |   102 |   337 |   956 |   629 ||  2350
  Block: Other             |       |       |       |    42 |   144 |   291 |   214 ||   691
         Reflection        |       |       |       |     1 |     4 |    31 |     3 ||    39

Table legend: (Time is in decaauts)
 A = Elapsed time spent in this place.
 B = Non-inter-level travel time spent in this place.
 C = Inter-level travel time spent in this place.
 D = Time resting spent in this place.
 E = Time spent auto-exploring this place.
 F = Levels seen in this place.
 G = Mean time per level.
                   A        B        C        D        E       F      G
               +--------+--------+--------+--------+--------+-----+--------+
         Total |  44345 |  41404 |   2941 |   4136 |  28659 |  36 | 1231.8 |
       Dungeon |  16517 |  14956 |   1561 |    282 |  11342 |  15 | 1101.1 |
          Lair |   8197 |   7498 |    699 |    994 |   5261 |   5 | 1639.4 |
         Swamp |   4833 |   4712 |    121 |    518 |   3297 |   4 | 1208.2 |
   Spider Nest |   7032 |   6764 |    268 |   1192 |   4450 |   4 | 1758.0 |
  Orcish Mines |   2008 |   1760 |    248 |    290 |    982 |   2 | 1004.0 |
   Elven Halls |   1822 |   1780 |     42 |      4 |   1414 |   2 |  911.0 |
         Abyss |    591 |    591 |      0 |    203 |     89 |   1 |  591.0 |
         Sewer |   1091 |   1091 |      0 |      4 |    744 |   1 | 1091.0 |
        Bailey |   1069 |   1069 |      0 |    324 |    489 |   1 | 1069.0 |
      Gauntlet |   1182 |   1182 |      0 |    323 |    589 |   1 | 1182.0 |
               +--------+--------+--------+--------+--------+-----+--------+

Top non-repeatable levels by time:
  Lair:5: 2745 daAuts
  Lair:2: 2156 daAuts
Spider:3: 1953 daAuts
Spider:2: 1949 daAuts
 Swamp:4: 1637 daAuts
Spider:4: 1588 daAuts
    D:14: 1566 daAuts
Spider:1: 1540 daAuts
     D:9: 1410 daAuts
    D:13: 1358 daAuts
    D:11: 1315 daAuts
    D:10: 1307 daAuts
 Swamp:3: 1275 daAuts
  Lair:4: 1240 daAuts
    D:15: 1229 daAuts
